AoeStats
← BuLLet

Pilgrims

508026197Analyzed
4v4 RM · 11d ago on Sep 20, 2026· 41m 3s· 8 players
Game mode
Random Map
Map size
Large (8 player)
Population
200
Speed
Normal
Resources
Standard
Victory
Conquest
Starting age
Dark Age
Ending age
Imperial Age
RankedLock teamsTeams togetherTeam positionsShared explorationLock speedFull tech treeHidden civsTurbo modeCheats
Victory
Defeat
🇮🇳 Sicilians · India
1108
+13
🇮🇳 Italians · India
1063
+15
🇮🇳 Huns · India
1046
+16
🇮🇳 Ethiopians · India
1002
+18
🇯🇵 Vietnamese · Japan
1064
-16
🇨🇳 Japanese · China
1055
-16
🇧🇷 Khmer · Brazil
1033
-15
🇨🇳 Persians · China
1024
-15
alcione88
13:45 Feudal Age
13:52 Loom
15:41 Fishing Lines
17:13 Scale Mail Armor
17:19 Scale Barding Armor
18:07 Forging
kagemusha
5:42 Loom
14:11 Feudal Age
19:32 Castle Age
18:07 Stone Mining
18:05 Double-Bit Axe
19:30 Wheelbarrow
19:12 Fletching
20:39 Bow Saw
20:58 Padded Archer Armor
21:28 Crossbowman
24:39 Elite Skirmisher
27:11 Town Watch
GreyElf
3:01 Loom
10:59 Feudal Age
11:21 Feudal Age
15:30 Castle Age
13:46 Double-Bit Axe
14:17 Fishing Lines
15:37 Wheelbarrow
15:08 Stone Mining
17:52 Fletching
18:54 Scale Mail Armor
20:02 Chain Mail Armor
22:07 Demolition Ship
28:58 Bow Saw
31:28 Imperial Age
29:15 Crossbowman
30:02 Bodkin Arrow
30:08 Padded Archer Armor
30:47 Thumb Ring
30:29 Horse Collar
31:39 Leather Archer Armor
32:17 Ballistics
32:08 Masonry
32:16 Bracer
31:51 Elite Skirmisher
34:25 Arbalester
39:37 Conscription
ze'ro
14:25 Feudal Age
18:10 Castle Age
16:22 Double-Bit Axe
19:17 Horse Collar
20:18 Bow Saw
21:17 Wheelbarrow
21:49 Gold Mining
22:02 Heavy Plow
25:40 Loom
28:40 Fishing Lines
29:22 Medium Warships
32:07 Imperial Age
29:56 Hand Cart
30:22 Scale Barding Armor
30:28 Forging
30:59 Gold Shaft Mining
30:15 Stone Mining
30:54 Husbandry
31:05 Bloodlines
31:24 Chain Barding Armor
33:00 Iron Casting
31:47 Cavalier
33:27 Savar
34:20 Gillnets
36:55 Two-Man Saw
37:05 Plate Barding Armor
37:30 Blast Furnace
Kick_Ass
3:56 Loom
12:20 Feudal Age
14:39 Wheelbarrow
14:00 Fishing Lines
14:29 Double-Bit Axe
17:45 Town Watch
19:43 Fletching
23:45 Forging
27:09 Horse Collar
28:41 Stone Mining
29:02 Scale Mail Armor
40:13 Castle Age
41:51 Chain Mail Armor
EndLess
12:58 Feudal Age
17:32 Castle Age
16:15 Loom
16:51 Double-Bit Axe
16:47 Horse Collar
19:12 Fletching
20:25 Bodkin Arrow
22:49 Bloodlines
22:39 Husbandry
23:05 Padded Archer Armor
23:41 Bow Saw
25:13 Leather Archer Armor
27:44 Scale Barding Armor
28:52 Fishing Lines
32:24 Chain Barding Armor
32:52 Ballistics
33:15 Forging
34:53 Marauders
36:22 Iron Casting
BuLLet
12:34 Feudal Age
13:19 Double-Bit Axe
13:46 Fishing Lines
15:20 Loom
18:05 Castle Age
16:01 Fletching
16:35 Padded Archer Armor
16:49 Forging
19:15 Bodkin Arrow
18:42 Crossbowman
21:35 Bow Saw
21:46 Gillnets
23:02 Ballistics
23:46 Medium Warships
25:13 Thumb Ring
25:26 Leather Archer Armor
25:54 Wheelbarrow
25:12 Gold Mining
25:37 Stone Mining
27:58 Horse Collar
32:07 Imperial Age
30:47 Coinage
30:34 Scale Mail Armor
31:10 Iron Casting
33:53 Chemistry
33:16 Hand Cart
32:47 Town Watch
34:53 Banking
34:55 Chain Mail Armor
34:42 Bracer
35:14 Ring Archer Armor
36:03 Heavy Warships
36:57 Blast Furnace
40:31 Conscription
41:16 Pirotechnia
CARNAGE
3:45 Loom
13:11 Feudal Age
16:26 Gold Mining
18:55 Castle Age
19:01 Fletching
19:40 Bodkin Arrow
19:12 Crossbowman
22:19 Padded Archer Armor
33:53 Imperial Age
34:40 Capped Ram
35:46 Arbalester
37:36 Thumb Ring
37:48 Double-Bit Axe
41:10 Ballistics
41:51 Chemistry
41:07 Bracer
Connection lost

Rejoining the realm…

Still unreachable

The connection could not be restored.

Session expired

The server has moved on; the page needs a fresh start.